 Dungeon Crawl Stone Soup version 0.29-a0-384-g6960b1960d (webtiles) character file.

Game seed: 4682375752540568471

7 Bruhh the Ogre Mage (level 2, 0/24 HPs)
             Began as an Ogre Earth Elementalist on May 7, 2022.
             Slain by a ball python (3 damage)
             ... on level 1 of the Dungeon.
             The game lasted 00:01:13 (329 turns).

Bruhh the Ogre Mage (Ogre Earth Elementalist)        Turns: 329, Time: 00:01:14

Health: 0/24       AC:  3    Str: 11    XL:     2   Next: 4%
Magic:  0/6        EV:  9    Int: 16    God:
Gold:   29         SH:  0    Dex:  9    Spells: 6/7 levels left

rFire   . . .      SeeInvis .   (no weapon)
rCold   . . .      Faith    .   (no shield)
rNeg    . . .      Spirit   .   b - +0 robe
rPois   .          Reflect  .   (helmet restricted)
rElec   .          Harm     .   f - scarf {repulsion}
rCorr   .          Rampage  .   (gloves unavailable)
Will    .....                   (boots unavailable)
Stlth   +.........              (no amulet)
HPRegen 0.08/turn               (no ring)
MPRegen 0.10/turn               (no ring)

@: repel missiles
A: large, unfitting armour, tough skin 1
a: no special abilities


You were on level 1 of the Dungeon.
You visited 1 branch of the dungeon, and saw 1 of its levels.

You collected 29 gold pieces.

Inventory:

Missiles
 a - 16 stones
Armour
 b - a +0 robe (worn)
 f - a scarf of repulsion (worn)
Scrolls
 d - 2 scrolls of teleportation {unknown}
Potions
 e - a potion of haste {unknown}


   Skills:
 - Level 1.7 Dodging
 - Level 1.4 Stealth
 + Level 3.2 Spellcasting
 - Level 0.8 Transmutations
 - Level 2.6 Earth Magic


You had 6 spell levels left.
You knew the following spells:

 Your Spells              Type           Power      Damage    Failure   Level
a - Sandblast             Erth           22%        2d7       6%          1

Your spell library contained the following spells:

 Spells                   Type           Power      Damage    Failure   Level
 Passwall                 Tmut/Erth      6%         N/A       14%         2
 Stone Arrow              Conj/Erth      12%        3d7       32%         3
 Petrify                  Tmut/Erth      8%         N/A       65%         4


Dungeon Overview and Level Annotations

Branches:
Dungeon (1/15)

Altars:


Innate Abilities, Weirdness & Mutations

You are too large for most types of armour.
You have tough skin. (AC +1)


Message History

Confirm with . or Enter, or press ? or * to list all spells.
Aiming: Sandblast (safe; 6% risk of failure)
Press: ? - help, Shift-Dir - straight line, f/p - quokka
Aim: a quokka (71% to hit)
The blast of sand hits the quokka.
The quokka is heavily wounded.
The quokka barely misses you. The ball python barely misses you.
The ball python bites you.
Unknown command.
Casting: Sandblast (safe; 6% risk of failure)
Confirm with . or Enter, or press ? or * to list all spells.
Aiming: Sandblast (safe; 6% risk of failure)
Press: ? - help, Shift-Dir - straight line, f/p - quokka
Aim: a quokka (heavily wounded, 71% to hit)
The blast of sand hits the quokka!
You kill the quokka!
The ball python bites you. The ball python barely misses you. x2
Your Spellcasting skill increases to level 3!
Casting: Sandblast (safe; 6% risk of failure)
Confirm with . or Enter, or press ? or * to list all spells.
Aiming: Sandblast (safe; 6% risk of failure)
Press: ? - help, Shift-Dir - straight line, f - ball python
Aim: a ball python (77% to hit)
The blast of sand misses the ball python.
The ball python closely misses you. The ball python bites you.
* * * LOW HITPOINT WARNING * * *
The ball python barely misses you.
Casting: Sandblast (safe; 6% risk of failure)
Confirm with . or Enter, or press ? or * to list all spells.
Aiming: Sandblast (safe; 6% risk of failure)
Press: ? - help, Shift-Dir - straight line, f/p - ball python
Aim: a ball python (77% to hit)
The blast of sand hits the ball python!
You kill the ball python!
The ball python bites you but does no damage.
You have reached level 2!
You closely miss the ball python. The ball python bites you.
* * * LOW HITPOINT WARNING * * *
You closely miss the ball python. The ball python bites you.
You die...

##>###..# ....
.......[#####
####
##..........#
##..##.#####..
###.......w....
...........####
........##..# #
........†.#...#
.#####.@.......
#..S.......
#).........
............
####.........
##...#...#
#########


You could see a ball python.

Vanquished Creatures
  A ball python (D:1)
  2 hobgoblins (D:1)
  A quokka (D:1)
  A bat (D:1)
  A kobold (D:1)
  A rat (D:1)
7 creatures vanquished.

Notes
Turn   | Place    | Note
-------+----------+-------------------------------------------
     0 | D:1      | Bruhh the Ogre Earth Elementalist began the quest for the
                  | Orb.
     0 | D:1      | Reached XP level 1. HP: 16/16 MP: 3/3
   250 | D:1      | Found a faded altar of an unknown god.
   326 | D:1      | Reached skill level 3 in Spellcasting
   328 | D:1      | Reached XP level 2. HP: 6/24 MP: 0/6
   329 | D:1      | Slain by a ball python

Illustrated notes

Levels and vault maps discovered:
D:1:      wander_arrival_peaceful_grave, layout_rooms,
          ebering_ecumenical_altar_webs

Skill      XL: |  1 |
---------------+----+-----
Spellcasting   | 3 |  3.2
Dodging        | |  1.7
Stealth        | |  1.4
Transmutations | |  0.8
Earth Magic    | |  2.6

Action                   || total
-------------------------++-------
Melee: Unarmed           ||     8
 Cast: Sandblast         ||    14
  Use: Potion            ||     1
Armor: Robe              ||     5
Dodge: Dodged            ||    17

Table legend: (Time is in decaauts)
 A = Elapsed time spent in this place.
 B = Non-inter-level travel time spent in this place.
 C = Inter-level travel time spent in this place.
 D = Time resting spent in this place.
 E = Time spent auto-exploring this place.
 F = Levels seen in this place.
 G = Mean time per level.
                   A        B        C        D        E       F      G
               +--------+--------+--------+--------+--------+-----+--------+
         Total |    329 |    329 |      0 |      0 |    268 |   1 |  329.0 |
       Dungeon |    329 |    329 |      0 |      0 |    268 |   1 |  329.0 |
               +--------+--------+--------+--------+--------+-----+--------+

Top non-repeatable levels by time:
     D:1: 329 daAuts
